AoeStats
← Snobyman

Lombardia

509507785Analyzed
4v4 RM · 6d ago on Sep 27, 2026· 68m 36s· 8 players
Game mode
Random Map
Map size
Large (8 player)
Population
200
Speed
Normal
Resources
Standard
Victory
Conquest
Starting age
Dark Age
Ending age
Imperial Age
RankedLock teamsTeams togetherTeam positionsShared explorationLock speedFull tech treeHidden civsTurbo modeCheats
Victory
Defeat
🇺🇸 Lithuanians · United States
489
+17
🇺🇸 Danes · United States
482
+17
🇺🇸 Spanish · United States
467
+18
🇧🇴 Huns · Bolivia
429
+19
🇨🇱 Italians · Chile
552
-20
🇨🇱 Vikings · Chile
548
-20
🇦🇺 Khmer · Australia
473
-16
🇦🇷 Britons · Argentina
446
-15
TomBot019
8:10 Loom
11:10 Feudal Age
11:37 Double-Bit Axe
11:37 Horse Collar
12:55 Gold Mining
15:01 Wheelbarrow
17:46 Castle Age
17:41 Stone Mining
18:52 Bow Saw
20:35 Stone Shaft Mining
20:16 Heavy Plow
22:48 Gold Shaft Mining
24:12 Gambesons
24:30 Fletching
27:03 Hand Cart
27:27 Town Watch
28:26 Bow Saw
28:31 Forging
29:33 Thumb Ring
29:32 Padded Archer Armor
31:42 Hamask
34:58 Imperial Age
33:01 Squires
32:46 Arson
35:49 Ballistics
35:29 Bodkin Arrow
35:34 Scale Mail Armor
36:10 Iron Casting
35:51 Leather Archer Armor
35:42 Scale Barding Armor
36:12 Conscription
35:59 Caravan
36:27 Town Patrol
36:35 Siege Engineers
39:20 Chemistry
37:48 Cranequins
39:08 Chain Mail Armor
39:38 Bracer
40:38 Blast Furnace
42:15 Heavy Mounted Crossbowman
42:30 Hamask
44:47 Ring Archer Armor
44:48 Plate Mail Armor
44:54 Elite Jomsviking
45:48 Onager
47:20 Siege Onager
47:26 Northmen's Fury
58:12 Capped Ram
Cool
12:57 Feudal Age
14:05 Double-Bit Axe
14:03 Horse Collar
18:47 Gold Mining
19:18 Stone Mining
22:44 Castle Age
20:49 Loom
23:52 Caravan
26:07 Bow Saw
26:16 Fervor
28:31 Heavy Plow
29:10 Stone Shaft Mining
29:18 Wheelbarrow
32:12 Hand Cart
31:45 Town Watch
34:51 Town Patrol
40:42 Imperial Age
39:11 Fletching
39:27 Scale Barding Armor
39:33 Forging
39:24 Padded Archer Armor
40:50 Coinage
42:44 Two-Man Saw
43:25 Husbandry
43:35 Bloodlines
42:46 Cavalier
43:52 Fortified Wall
44:05 Ballistics
43:56 Masonry
45:26 Chemistry
46:11 Illumination
46:03 Block Printing
46:26 Theocracy
46:16 Sanctity
46:09 Redemption
48:45 Hoardings
48:33 Conscription
52:47 Inquisition
53:21 Architecture
52:50 Murder Holes
52:19 Paladin
58:35 Chain Barding Armor
61:13 Plate Barding Armor
61:14 Iron Casting
60:35 Bodkin Arrow
61:51 Banking
66:08 Blast Furnace
65:09 Bracer
65:26 Leather Archer Armor
InTrUsIoN
9:23 Loom
12:45 Feudal Age
15:46 Double-Bit Axe
15:46 Horse Collar
18:23 Castle Age
18:59 Stone Mining
19:50 Wheelbarrow
19:28 Bow Saw
21:44 Fletching
21:55 Padded Archer Armor
23:32 Gold Mining
26:00 Hand Cart
25:32 Town Watch
26:30 Caravan
29:02 Bodkin Arrow
29:29 Forging
29:32 Scale Barding Armor
29:32 Heavy Plow
34:19 Iron Casting
34:05 Chain Barding Armor
36:34 Imperial Age
34:07 Town Patrol
33:38 Light Cavalry
34:30 Bloodlines
34:28 Husbandry
38:13 Conscription
37:20 Winged Hussar
38:53 Crop Rotation
39:44 Two-Man Saw
39:29 Ballistics
38:50 Treadmill Crane
40:12 Chemistry
41:56 Plate Barding Armor
41:19 Bodkin Arrow
41:40 Leather Archer Armor
44:00 Thumb Ring
44:03 Murder Holes
44:00 Elite Leitis
45:21 Hoardings
46:44 Bracer
47:15 Ring Archer Armor
46:48 Scale Mail Armor
46:59 Squires
50:08 Heavy Cavalry Archer
53:34 Chain Mail Armor
54:00 Stone Shaft Mining
53:52 Masonry
53:58 Hill Forts
63:10 Architecture
wfcwilly
4:45 Loom
11:25 Feudal Age
13:14 Wheelbarrow
12:35 Horse Collar
12:42 Double-Bit Axe
23:00 Castle Age
22:17 Gold Mining
22:18 Stone Mining
26:39 Hand Cart
29:12 Gold Shaft Mining
28:54 Padded Archer Armor
28:55 Scale Mail Armor
33:07 Imperial Age
32:26 Heavy Plow
32:46 Bow Saw
35:08 Two-Man Saw
35:08 Parthian Tactics
36:34 Elite Tarkan
38:02 Leather Archer Armor
37:39 Fletching
42:18 Chemistry
43:08 Bodkin Arrow
43:08 Pikeman
43:49 Squires
44:56 Heavy Cavalry Archer
46:46 Ballistics
49:20 Bracer
49:31 Forging
49:37 Chain Mail Armor
49:28 Scale Barding Armor
49:24 Cavalier
52:12 Paladin
52:54 Husbandry
54:16 Chain Barding Armor
54:33 Iron Casting
62:31 Thumb Ring
Snobyman
0:37 Loom
12:30 Feudal Age
16:01 Horse Collar
16:16 Gold Mining
18:49 Wheelbarrow
22:01 Stone Mining
26:42 Castle Age
29:19 Stone Shaft Mining
29:20 Gold Shaft Mining
28:51 Heavy Plow
28:41 Double-Bit Axe
30:31 Hand Cart
35:10 Imperial Age
37:05 Caravan
37:35 Coinage
40:51 Chemistry
40:11 Ballistics
39:42 Heated Shot
40:04 Masonry
40:02 Scale Mail Armor
40:13 Forging
39:53 Fletching
40:04 Padded Archer Armor
40:41 Bow Saw
44:49 Scale Barding Armor
44:59 Chain Mail Armor
44:55 Forging
44:41 Bodkin Arrow
44:46 Padded Archer Armor
45:22 Architecture
46:20 Banking
50:13 Tusk Swords
49:34 Elite Ballista Elephant
50:15 Double Crossbow
50:54 Hoardings
49:50 Sappers
50:54 Chain Barding Armor
50:36 Bracer
52:48 Conscription
55:34 Crop Rotation
61:23 Leather Archer Armor
rodrigooboeponce
0:56 Loom
13:08 Feudal Age
13:33 Double-Bit Axe
13:30 Horse Collar
15:32 Gold Mining
15:32 Stone Mining
22:14 Castle Age
23:45 Forging
23:35 Scale Mail Armor
23:37 Padded Archer Armor
23:27 Fletching
23:39 Heavy Plow
23:54 Bow Saw
29:12 Gold Shaft Mining
28:52 Caravan
29:51 Squires
31:24 Iron Casting
31:04 Chain Mail Armor
31:05 Leather Archer Armor
30:46 Bodkin Arrow
34:15 Imperial Age
34:36 Chain Mail Armor
34:56 Iron Casting
34:17 Bodkin Arrow
34:39 Leather Archer Armor
36:37 Chemistry
35:18 Treadmill Crane
37:49 Two-Man Saw
38:01 Ballistics
38:00 Arson
40:04 Town Watch
40:54 Crossbowman
41:52 Pikeman
44:09 Capped Ram
46:06 Plate Mail Armor
46:36 Blast Furnace
45:37 Bracer
46:24 Siege Ram
47:15 Heavy Scorpion
49:59 Arbalester
52:24 Conscription
52:06 Bogsveigar
55:08 Elite Varangian Guard
58:12 Elite Skirmisher
AirFox
1:42 Loom
13:47 Feudal Age
22:31 Castle Age
21:37 Horse Collar
21:55 Double-Bit Axe
30:31 Imperial Age
32:29 Husbandry
32:40 Bloodlines
33:45 Stone Mining
33:46 Gold Mining
35:38 Stone Shaft Mining
37:58 Thumb Ring
37:15 Elite Skirmisher
37:17 Crossbowman
39:50 Light Cavalry
42:25 Masonry
44:33 Silk Road
44:24 Heated Shot
45:49 Chemistry
46:16 Forging
46:13 Scale Barding Armor
46:09 Fletching
46:21 Padded Archer Armor
46:23 Scale Mail Armor
46:57 Coinage
48:22 Heavy Plow
48:37 Bow Saw
49:09 Wheelbarrow
48:20 Town Watch
50:14 Crop Rotation
51:05 Two-Man Saw
50:12 Hussar
50:14 Cavalier
53:11 Iron Casting
52:54 Leather Archer Armor
53:19 Chain Barding Armor
53:11 Bodkin Arrow
61:52 Elite Genoese Crossbowman
63:12 Caravan
63:51 Plate Barding Armor
64:26 Blast Furnace
Santi el Rey
0:55 Loom
12:01 Feudal Age
13:26 Feudal Age
17:55 Gold Mining
18:55 Double-Bit Axe
24:17 Castle Age
23:30 Forging
23:20 Scale Mail Armor
23:25 Scale Barding Armor
23:11 Fletching
23:21 Padded Archer Armor
23:25 Fletching
23:35 Padded Archer Armor
23:40 Stone Mining
24:42 Town Watch
25:49 Town Patrol
27:00 Wheelbarrow
27:03 Leather Archer Armor
26:55 Horse Collar
28:37 Gold Shaft Mining
33:53 Bow Saw
34:08 Murder Holes
34:45 Ballistics
34:59 Gambesons
34:35 Pikeman
35:01 Arson
35:17 Squires
34:38 Man-at-Arms
34:41 Crossbowman
35:25 Husbandry
42:00 Imperial Age
39:47 Hand Cart
42:40 Chain Barding Armor
42:37 Bodkin Arrow
42:58 Chain Mail Armor
43:48 Hoardings
48:05 Chemistry
47:23 Cavalier
50:07 Yeomen
49:22 Sappers
51:04 Two-Man Saw
52:28 Warwolf
52:38 Warwolf
51:59 Elite Longbowman
57:55 Plate Barding Armor
57:51 Plate Mail Armor
57:52 Ring Archer Armor
57:23 Bracer
57:58 Iron Casting
Connection lost

Rejoining the realm…

Still unreachable

The connection could not be restored.

Session expired

The server has moved on; the page needs a fresh start.